Map: [ESL] Waterfall

Players

Maru - Winner!

  • Race: Terran Terran
  • Spawn Location: 1:00

Creator

  • Race: Protoss Protoss
  • Spawn Location: 7:00

Event: DreamHack SC2 Masters 2022 Valencia

VOD

https://youtu.be/DSCxBEceLeM

Description

Time

  • Played on: July 3, 2022, 1:40 p.m.
  • Length: 8:20

All games in this series

Show
View Real Time Build Order
Export as new Build Order

Maru Terran - Winner!

Build Orders: Reaper Expand 

Get SALT Encoding   

  12  0:00  SCV  
  13  0:12  SCV  
  14  0:16  Supply Depot  
  14  0:24  SCV  
  15  0:38  SCV  
  15  0:39  Barracks  
  16  0:43  Refinery  
  16  0:50  SCV  
  17  1:02  SCV  
  18  1:14  SCV  
  19  1:27  Orbital Command  
  19  1:28  Reaper  
  20  1:39  Command Center  
  20  1:48  Supply Depot  
  20  1:52  SCV  
  21  2:00  Marine  
  22  2:04  SCV  
  23  2:08  Factory  
  23  2:16  Bunker  
  23  2:17  SCV  
  23  2:21  Marine  
  25  2:29  SCV  
  26  2:32  Refinery  
  26  2:39  Marine  
  26  2:41  SCV  
  28  2:52  Orbital Command  
  28  2:53  Factory Tech Lab, SCV  
  28  2:57  Barracks Reactor  
  29  3:04  Barracks  
  29  3:05  SCV  
  30  3:13  Cyclone  
  30  3:17  SCV  
  34  3:20  SCV  
  34  3:29  SCV  
  34  3:32  SCV  
  36  3:34  Marine x2  
  36  3:36  Supply Depot  
  38  3:41  SCV  
  38  3:44  SCV  
  38  3:45  Starport  
  38  3:47  Refinery  
  40  3:48  Siege Tank  
  40  3:54  SCV  
  44  3:56  SCV  
  44  3:59  Barracks Tech Lab, Marine  
  44  4:00  Marine  
  47  4:05  Supply Depot  
  47  4:06  SCV  
  47  4:08  SCV  
  49  4:18  SCV  
  49  4:20  SCV  
  49  4:21  Engineering Bay  
  51  4:28  Raven  
  51  4:30  SCV  
  54  4:32  SCV  
  54  4:35  Barracks  
  54  4:36  Supply Depot  
  55  4:39  Marine  
  55  4:40  Marine, Stimpack  
  55  4:42  SCV  
  55  4:44  SCV  
  59  4:47  Terran Infantry Weapons Level 1  
  59  4:50  Marine  
  59  4:52  Factory Reactor  
  60  4:54  SCV, Supply Depot  
  60  4:57  SCV, Marine  
  60  4:58  Marine  
  64  5:06  SCV  
  64  5:07  Supply Depot  
  65  5:08  Marauder  
  65  5:09  SCV  
  68  5:15  Marine x2  
  68  5:18  SCV  
  71  5:21  Refinery  
  71  5:22  Supply Depot  
  71  5:26  SCV  
  72  5:29  Marauder  
  72  5:31  Combat Shield, Supply Depot, Marauder  
  72  5:33  Marine x2  
  78  5:38  SCV  
  76  5:45  Factory Tech Lab, Medivac x2  
  76  5:47  SCV  
  81  5:55  Marine x2, Marauder x2  
  87  5:59  Supply Depot  
  87  6:00  SCV  
  87  6:03  Siege Tank  
  91  6:13  Marine  
  91  6:16  Marauder  
  91  6:17  Marauder  
  96  6:21  Supply Depot  
  96  6:22  Concussive Shells  
  96  6:25  Marine  
  96  6:30  Marine  
  96  6:38  Marauder x2  
  100  6:40  Command Center  
  100  6:48  Viking  
  100  6:49  Siege Tank  
  102  6:57  SCV  
  95  7:09  Viking  
  95  7:12  Marine, Marauder  
  95  7:15  Barracks x2  
  100  7:22  Marine  
  93  7:24  SCV x2  
  93  7:28  Siege Tank  
  98  7:30  Supply Depot  
  98  7:35  Viking  
  98  7:36  SCV  
  95  7:49  Marine x2, Marauder  
  95  7:50  Marauder  
  95  7:52  SCV x2  
  95  7:54  Orbital Command  
  99  8:03  Barracks Tech Lab  
  99  8:04  SCV, Barracks Reactor  
  104  8:05  SCV  
Show
View Real Time Build Order
Export as new Build Order

Creator Protoss 

Build Orders: 1 Gate Expand, Colossus Rush 

Get SALT Encoding   

  12  0:00  Probe  
  13  0:12  Probe  
  14  0:20  Pylon  
  14  0:24  Probe  
  15  0:38  Probe (Chrono Boost)  
  15  0:39  Gateway  
  16  0:48  Probe (Chrono Boost), Assimilator  
  17  0:53  Probe (Chrono Boost)  
  18  1:04  Probe  
  19  1:16  Probe  
  20  1:26  Cybernetics Core  
  20  1:33  Nexus  
  20  1:41  Pylon  
  20  1:44  Probe  
  21  1:49  Assimilator  
  21  1:56  Probe  
  21  1:59  Adept (Chrono Boost)  
  22  2:05  Shield Battery  
  24  2:09  Probe  
  24  2:12  Warp Gate  
  25  2:19  Adept (Chrono Boost)  
  25  2:21  Probe  
  27  2:37  Probe  
  28  2:46  Adept  
  30  2:51  Robotics Facility  
  30  2:55  Probe x2  
  32  3:07  Probe x2  
  34  3:19  Probe x2  
  36  3:31  Probe x2, Gateway  
  38  3:34  Gateway  
  38  3:39  Observer (Chrono Boost)  
  39  3:43  Probe x2  
  41  3:48  Robotics Bay  
  41  3:53  Pylon  
  41  3:59  Warp Prism  
  41  4:02  Probe (Chrono Boost)  
  44  4:05  Probe (Chrono Boost)  
  44  4:09  Pylon  
  45  4:11  Observer  
  45  4:14  Probe (Chrono Boost)  
  47  4:18  Observer  
  47  4:21  Probe (Chrono Boost)  
  47  4:22  Probe (Chrono Boost)  
  48  4:28  Probe x2  
  50  4:32  Colossus (Chrono Boost)  
  50  4:33  Gravitic Drive (Chrono Boost)  
  56  4:41  Assimilator  
  56  4:42  Assimilator  
  56  4:44  Probe  
  56  4:45  Pylon, Probe  
  58  4:50  Pylon  
  58  4:56  Probe  
  58  4:57  Probe  
  60  5:02  Pylon  
  60  5:08  Probe, Colossus (Chrono Boost)  
  67  5:20  Nexus, Sentry  
  69  5:23  Pylon, Probe  
  69  5:24  Observer  
  69  5:25  Probe  
  71  5:33  Twilight Council  
  71  5:35  Forge  
  71  5:45  Probe x2  
  73  5:56  Colossus (Chrono Boost)  
  72  5:58  Probe x2  
  72  6:00  Sentry  
  72  6:01  Stalker  
  72  6:02  Zealot  
  86  6:08  Shield Battery  
  86  6:09  Blink  
  86  6:10  Probe x2  
  88  6:20  Pylon  
  88  6:22  Probe x2  
  88  6:25  Stalker  
  92  6:30  Pylon  
  92  6:34  Probe  
  92  6:35  Probe  
  92  6:38  Stalker  
  92  6:39  Stalker  
  98  6:49  Stalker  
  81  7:02  Immortal (Chrono Boost)  
  81  7:03  Stalker x2  
  89  7:08  Probe x2  
  89  7:12  Stalker  
  89  7:13  Shield Battery  
  77  7:27  Adept x2  
  79  7:31  Probe x3, Immortal (Chrono Boost)  
  74  7:47  Zealot  
  74  7:48  Zealot  
  74  7:50  Gateway  
  74  7:51  Gateway  
  78  7:57  Gateway  
  78  7:58  Gateway  
  78  8:01  Probe x3  
  85  8:05  Zealot  
  85  8:09  Cybernetics Core  

Tags
 
Add a new tag
Caveats
  • Supply blocks, unpowered buildings, or Contaminate may cause inaccurate times.
  • Supply counts are checked every 10 seconds.